 Dungeon Crawl Stone Soup version 0.29-a0-577-gafbf2c5d25 (webtiles) character file.

Game seed: 5497810670055332394

6153 xian the Thaumaturge (level 10, -10/54 HPs)
             Began as a Deep Elf Conjurer on June 14, 2022.
             Was an Initiate of Gozag.
             Hit by a boomerang thrown by an orc warrior (12 damage)
             ... on level 2 of the Orcish Mines.
             The game lasted 00:43:20 (12261 turns).

xian the Thaumaturge (Deep Elf Conjurer)           Turns: 12261, Time: 00:43:20

Health: -10/54     AC: 11    Str:  4    XL:     10   Next: 59%
Magic:  23/27      EV: 13    Int: 28    God:    Gozag
Gold:   1381       SH:  9    Dex: 16    Spells: 22/32 levels left

rFire   . . .      SeeInvis +   c - +8 long sword of Imior {freeze, Dex+3}
rCold   . . .      Faith    .   w - +0 kite shield
rNeg    + . .      Spirit   .   q - +1 robe {rN+}
rPois   .          Reflect  .   d - +2 helmet
rElec   .          Harm     .   v - +0 cloak
rCorr   .          Rampage  .   (no gloves)
Will    +....                   (no boots)
Stlth   +++.......              (no amulet)
HPRegen 0.18/turn               s - +4 ring of protection
MPRegen 0.20/turn               e - ring of see invisible

@: mighty, gold aura, hasted, very quick
A: no striking features
a: Renounce Religion, Potion Petition, Call Merchant, Bribe Branch


You were on level 2 of the Orcish Mines.
You worshipped Gozag.
Gozag was most pleased with you.
You visited 2 branches of the dungeon, and saw 11 of its levels.

You collected 2256 gold pieces.
You spent 836 gold pieces at shops.
You paid 39 gold pieces to Gozag.

Inventory:

Hand Weapons
 c - the +8 long sword of Imior (weapon) {freeze, Dex+3}
   (You found it on level 5 of the Dungeon)

   It freezes those it strikes, dealing additional cold damage.
   It can also slow down cold-blooded creatures.
   Dex:       It affects your dexterity (+3).
Armour
 a - an orb of light
 d - a +2 helmet (worn)
 q - a +1 robe of positive energy (worn)
 v - a +0 cloak (worn)
 w - a +0 kite shield (worn)
Jewellery
 e - a ring of see invisible (right hand)
 l - a ring of fire
 r - a ring of willpower
 s - a +4 ring of protection (left hand)
Wands
 o - a wand of iceblast (9)
 p - a wand of acid (8)
 x - a wand of charming (5)
 A - a wand of polymorph (8)
Scrolls
 t - 3 scrolls of enchant weapon
 B - a scroll of amnesia
Potions
 b - a potion of magic
 f - 2 potions of haste
 h - 3 potions of attraction
 i - a potion of ambrosia
 j - a potion of brilliance {unknown}
 k - a potion of invisibility
 m - 3 potions of flight
 n - 3 potions of curing
 u - 2 potions of might
 C - a potion of resistance {unknown}
Miscellaneous
 E - a lightning rod (4/4)


   Skills:
 + Level 2.5 Fighting
 + Level 5.0 Long Blades
 + Level 1.2 Axes
 + Level 2.7 Armour
 + Level 6.6 Dodging
 + Level 5.5 Stealth
 + Level 2.4 Shields
 + Level 11.6 Spellcasting
 + Level 10.2 Conjurations
 + Level 0.3 Translocations
 + Level 0.2 Evocations


You had 22 spell levels left.
You knew the following spells:

 Your Spells              Type           Power      Damage    Failure   Level
a - Magic Dart            Conj           100%       1d8       1%          1
b - Searing Ray           Conj           100%       2d8       1%          2
c - Iskenderun's Mystic   Conj/Tloc      45%        2d10      12%         4
d - Teleport Other        Tloc           18%        N/A       28%         3

Your spell library contained the following spells:

 Spells                   Type           Power      Damage    Failure   Level
 Dazzling Flash           Conj/Hex       88%        N/A       4%          3
 Iskenderun's Battlesphe  Conj           65%        2d11      4%          5
 Fulminant Prism          Conj/Hex       22%        3d13      13%         4
 Gell's Gravitas          Tloc           18%        N/A       28%         3
 Lesser Beckoning         Tloc           18%        N/A       28%         3
 Portal Projectile        Hex/Tloc       34%        N/A       30%         3
 Call Canine Familiar     Summ           16%        N/A       32%         3
 Leda's Liquefaction      Hex/Erth       8%         N/A       73%         4
 Iron Shot                Conj/Erth      22%        9d5       90%         6
 Spellforged Servitor     Conj/Summ      22%        N/A       100%        7


Dungeon Overview and Level Annotations

Branches:
Dungeon (9/15)             Temple (0/1) D:6            Lair (0/6) D:8
    Orc (2/2) D:9             Elf (0/3) Orc:2

Altars:
Gozag

Shops:
Orc:2 *

Annotations:
D:9 2 transporters, bchevrier's ghost, novice GnWn


Message History

You erupt in a blast of force!
The mystic blast hits the orc!
You kill the orc!
The mystic blast hits the orc!
You kill the orc!
The mystic blast hits the orc wizard!
The orc wizard is severely wounded.
The orc wizard is knocked back by the mystic blast.
The mystic blast hits the orc.
The orc is severely wounded.
The orc is no longer distracted by gold.
The orc is knocked back by the mystic blast.
You hear a shout! x3
Aiming: Charm
Press: ? - help, Shift-Dir - straight line, f - orc sorcerer
Aim: an orc sorcerer, wielding a +0 dagger and wearing a +0 robe (chance to affect: 31%)
The orc wizard is charmed.
The orc sorcerer gestures at you while chanting.
The bolt of fire hits your orc wizard!!
Your orc wizard dies!
The bolt of fire hits you!
* * * LOW HITPOINT WARNING * * *
The orc wizard casts a spell.
The orc wizard flickers and vanishes for a moment.
Casting: Iskenderun's Mystic Blast (dangerous; 12% risk of failure)
Confirm with . or Enter, or press ? or * to list all spells.
Okay, then.
Okay, then.
Aiming: Charm
Press: ? - help, Shift-Dir - straight line, f/p - orc sorcerer
Aim: an orc sorcerer, wielding a +0 dagger and wearing a +0 robe (chance to affect: 31%)
The orc sorcerer is charmed.
The orc warrior is no longer distracted by gold.
The orc is distracted by your dazzling golden aura.
You block the orc's attack.
You slash the orc! You freeze the orc.
You kill the orc!
The orc warrior is distracted by your dazzling golden aura.
The orc warrior throws a boomerang.
The boomerang hits you!
You die...
Your body crumbles into a pile of gold.

$ .....# . $ $
.....#
oo###+###..#..#
..oo..........#
..oo.....oo...#
..#o.#.T#o.8..#
.....$.$$.....#
......$.@$....#
###############
$


You could see a troll, 2 orc warriors, an orc wizard (invisible), 3 orcs and a
friendly orc sorcerer (charmed, unaware).

Vanquished Creatures
  A kobold demonologist (D:9)
  A troll (Orc:1)
  A wyvern (D:7)
  3 yaks (D:8)
  A wraith (D:7)
  A vampire (D:9)
  2 steam dragons
  A warg (Orc:1)
  3 ice beasts
  2 black bears
  7 orc warriors
  An ogre (D:9)
  2 centaurs
  2 phantoms
  A necrophage (D:8)
  4 bullfrogs
  2 scorpions
  8 wights
  3 killer bees (D:9)
  4 howler monkeys
  5 electric eels (D:6)
  2 hounds
  2 jellies
  9 orc priests
  4 gnoll shamans
  Ijyb (D:4)
  2 iguanas
  14 orc wizards
  4 adders
  21 gnolls
  2 shadow imps
  A white imp (D:6)
  A worm (D:3)
  2 dart slugs
  70 orcs
  4 endoplasms
  4 giant cockroaches (D:3)
  5 goblins
  9 hobgoblins
  5 kobolds
  A quokka (D:3)
  4 ball pythons
  8 bats
  A frilled lizard (D:1)
  4 rats
235 creatures vanquished.

Vanquished Creatures (collateral kills)
  A warg (Orc:1)
  An orc warrior (Orc:1)
2 creatures vanquished.

Vanquished Creatures (others)
  An orc wizard (Orc:2)
  A gnoll (D:7)
  An orc (D:6)
  53 plants (D:6)
56 creatures vanquished.

Grand Total: 293 creatures vanquished

Notes
Turn   | Place    | Note
-------+----------+-------------------------------------------
     0 | D:1      | xian the Deep Elf Conjurer began the quest for the Orb.
     0 | D:1      | Reached XP level 1. HP: 10/10 MP: 6/6
   359 | D:1      | Reached XP level 2. HP: 15/15 MP: 8/8
   726 | D:1      | Found a faded altar of an unknown god.
  1092 | D:2      | Reached skill level 5 in Conjurations
  1316 | D:2      | Found an opulent altar of Gozag.
  1326 | D:2      | Became a worshipper of Gozag Ym Sagoz the Greedy
  1440 | D:2      | Reached XP level 3. HP: 19/19 MP: 7/9
  2309 | D:3      | Reached skill level 1 in Axes
  2309 | D:3      | Reached XP level 4. HP: 24/24 MP: 7/11
  2823 | D:3      | Learned a level 2 spell: Searing Ray
  3005 | D:3      | Reached skill level 4 in Spellcasting
  3341 | D:4      | Reached XP level 5. HP: 15/28 MP: 8/13
  3554 | D:4      | Noticed a phantom
  3564 | D:4      | Killed a phantom
  3565 | D:4      | Reached skill level 5 in Spellcasting
  3717 | D:4      | Reached XP level 6. HP: 32/32 MP: 5/15
  4365 | D:4      | Noticed Ijyb
  4374 | D:4      | Killed Ijyb
  4492 | D:5      | Entered Level 5 of the Dungeon
  4551 | D:5      | Noticed an ice beast
  4563 | D:5      | Killed an ice beast
  4564 | D:5      | Reached skill level 1 in Armour
  4713 | D:5      | Identified the +8 long sword of Imior {freeze, Dex+3}
  4798 | D:5      | Reached XP level 7. HP: 36/36 MP: 14/17
  4800 | D:5      | Reached skill level 6 in Spellcasting
  5113 | D:5      | Reached skill level 7 in Spellcasting
  5383 | D:5      | Learned a level 4 spell: Iskenderun's Mystic Blast
  5387 | D:5      | Learned a level 3 spell: Teleport Other
  5644 | D:6      | Reached XP level 8. HP: 19/42 MP: 0/21
  5894 | D:6      | Reached skill level 8 in Spellcasting
  6087 | D:6      | Reached skill level 1 in Long Blades
  6282 | D:6      | Found a staircase to the Ecumenical Temple.
  7247 | D:6      | Reached skill level 5 in Stealth
  7434 | D:7      | Reached skill level 1 in Fighting
  7610 | D:7      | Reached skill level 9 in Spellcasting
  7610 | D:7      | Reached XP level 9. HP: 42/47 MP: 17/24
  8363 | D:8      | Reached skill level 10 in Spellcasting
  8641 | D:8      | Reached skill level 5 in Dodging
  8933 | D:8      | Found an opulent altar of Gozag.
  9635 | D:8      | Found a staircase to the Lair.
  9919 | D:9      | Reached XP level 10. HP: 37/53 MP: 26/26
 10032 | D:9      | Noticed an orange demon
 10250 | D:9      | Reached skill level 1 in Shields
 10539 | D:9      | Found a transporter.
 10549 | D:9      | Noticed bchevrier's ghost (novice GnWn)
 10877 | D:9      | Found a transporter.
 10914 | D:9      | Found a staircase to the Orcish Mines.
 10927 | Orc:1    | Entered Level 1 of the Orcish Mines
 10940 | Orc:1    | Reached skill level 10 in Conjurations
 10949 | D:9      | Reached skill level 11 in Spellcasting
 11459 | Orc:2    | Entered Level 2 of the Orcish Mines
 11911 | Orc:1    | Reached skill level 5 in Long Blades
 12138 | Orc:2    | Found a staircase to the Elven Halls.
 12138 | Orc:2    | Found Tiwi's Assorted Antiques.
 12221 | Orc:2    | Bought a glass wand for 88 gold pieces
 12221 | Orc:2    | Bought a scroll of identify for 44 gold pieces
 12221 | Orc:2    | Bought a scroll of identify for 44 gold pieces
 12221 | Orc:2    | Bought a lightning rod (4/4) for 660 gold pieces
 12238 | Orc:2    | Noticed a two-headed ogre
 12251 | Orc:2    | Noticed an orc sorcerer
 12258 | Orc:2    | HP: 1/54 [orc sorcerer/bolt of fire (10)]
 12261 | Orc:2    | Hit by a boomerang thrown by an orc warrior

Illustrated notes

Levels and vault maps discovered:
D:1:      dpeg_arrival_three_bigger_balls, layout_basic,
          hellmonk_ecumenical_altar_run_dry
D:2:      layout_loops_ring, basic_altar
D:3:      layout_basic
D:4:      layout_cave_pods, serial_column_ruins, column_ruins_circle_medium,
          column_ruins_open_tiny, column_ruins_corridor_straight,
          column_ruins_columns_corner, column_ruins_open_medium, uniq_ijyb
D:5:      layout_rooms, glass_columns_a, minmay_misc_feat_encased
D:6:      layout_basic, temple_hall, serial_bayou, serial_bayou_pond_c,
          serial_bayou_lake_a, serial_bayou_lagoon_a, serial_bayou_pond_a
D:7:      layout_rooms, nicolae_concentric_dashed_squares_wild
D:8:      layout_layer_cave, lemuel_tele_altar, lair_entry_dummy, special_room
          [special_room_orc]
D:9:      layout_cave_pools, orc_0_dummy, gammafunk_ghost_stat_death,
          minmay_fountain_box
Orc:1:    layout_caves
Orc:2:    st_orc_open, layout_caves, basic_altar, serial_shops, shop,
          gammafunk_ghost_smash, minmay_orc_temple_c

Skill      XL: |  1  2  3  4  5  6  7  8  9 10 |
---------------+-------------------------------+-----
Conjurations   | 5 6 7 8 9 10 | 10.2
Axes           | 1 |  1.2
Stealth        | 3 4 5 |  5.5
Dodging        | 3 4 5 6 |  6.6
Spellcasting   | 4 5 7 9 10 11 | 11.6
Armour         | 1 2 |  2.7
Long Blades    | 2 4 5 |  5.0
Fighting       | 1 2 |  2.5
Shields        | 2 |  2.4
Translocations | |  0.3
Evocations     | |  0.2

Action                   |  1- 3 |  4- 6 |  7- 9 | 10-12 || total
-------------------------+-------+-------+-------+-------++-------
Melee: Hand axe          |    32 |     5 |       |       ||    37
       Punch             |     1 |       |       |       ||     1
       Long sword        |       |       |    58 |    60 ||   118
 Cast: Magic Dart        |    55 |    48 |    85 |    38 ||   226
       Searing Ray       |       |    15 |    61 |    25 ||   101
       Iskenderun's Myst |       |       |     1 |     4 ||     5
Evoke: Wand              |       |     1 |       |     2 ||     3
  Use: Scroll            |    10 |     4 |     3 |     8 ||    25
       Potion            |       |     2 |     1 |     8 ||    11
 Stab: Sleeping          |     1 |       |       |     1 ||     2
       Distracted        |       |       |     1 |       ||     1
Armor: Robe              |    13 |     2 |    54 |    28 ||    97
       Leather armour    |       |     5 |       |       ||     5
Dodge: Dodged            |    15 |    11 |    90 |    85 ||   201
Block: Kite shield       |       |       |     9 |    62 ||    71

Table legend: (Time is in decaauts)
 A = Elapsed time spent in this place.
 B = Non-inter-level travel time spent in this place.
 C = Inter-level travel time spent in this place.
 D = Time resting spent in this place.
 E = Time spent auto-exploring this place.
 F = Levels seen in this place.
 G = Mean time per level.
                   A        B        C        D        E       F      G
               +--------+--------+--------+--------+--------+-----+--------+
         Total |  12359 |  12118 |    241 |   1410 |   8080 |  11 | 1123.5 |
       Dungeon |  11222 |  11004 |    218 |   1150 |   7553 |   9 | 1246.9 |
  Orcish Mines |   1137 |   1114 |     23 |    260 |    527 |   2 |  568.5 |
               +--------+--------+--------+--------+--------+-----+--------+

Top non-repeatable levels by time:
     D:6: 2059 daAuts
     D:8: 1701 daAuts
     D:3: 1425 daAuts
     D:9: 1248 daAuts
     D:4: 1171 daAuts
     D:1: 1097 daAuts
   Orc:1: 955 daAuts
     D:5: 918 daAuts
     D:2: 806 daAuts
     D:7: 793 daAuts
   Orc:2: 181 daAuts
